 Dungeon Crawl Stone Soup version 0.29-a0-284-gf9362112df (webtiles) character file.

Game seed: 17161982811422530639

230 siradein the Grave Robber (level 6, -4/49 HPs)
             Began as a Ghoul Necromancer on Mar 22, 2022.
             Slain by a lemure (7 damage)
             ... led by Pikel
             ... on level 4 of the Dungeon.
             The game lasted 00:11:58 (3878 turns).

siradein the Grave Robber (Ghoul Necromancer)       Turns: 3878, Time: 00:11:58

Health: -4/49      AC:  5    Str: 12    XL:     6   Next: 3%
Magic:  8/8        EV: 11    Int: 12    God:
Gold:   238        SH:  0    Dex:  9    Spells: 1/9 levels left

rFire   . . .      SeeInvis .   g - +0 short sword (venom)
rCold   + + .      Faith    .   (no shield)
rNeg    + + +      Spirit   .   f - +1 leather armour {rC+}
rPois   ∞          Reflect  .   (no helmet)
rElec   .          Harm     .   (no cloak)
rCorr   .          Rampage  .   e - +0 pair of gloves
Will    +....                   (no boots)
Stlth   +.........              (no amulet)
HPRegen 0.00/turn               k - ring of willpower
MPRegen 0.11/turn               (no ring)

@: inhibited regen
A: claws 1, cold resistance 1, negative energy resistance 3, inhibited
regeneration, torment resistance 2
a: no special abilities


You were on level 4 of the Dungeon.
You visited 1 branch of the dungeon, and saw 4 of its levels.

You collected 238 gold pieces.

Inventory:

Hand Weapons
 g - a +0 short sword of venom (weapon)
 h - a +0 flail
Armour
 e - a +0 pair of gloves (worn)
 f - a +1 leather armour of cold resistance (worn)
Jewellery
 k - a ring of willpower (left hand)
Scrolls
 c - a scroll of magic mapping {unknown}
 j - a scroll of vulnerability {unknown}
 l - 4 scrolls of enchant weapon {unknown}
Potions
 a - a potion of flight
 b - 2 potions of magic
 d - 2 potions of curing {unknown}
 i - a potion of lignification {unknown}


   Skills:
 + Level 2.3 Fighting
 * Level 2.4 Maces & Flails
 + Level 1.1 Armour
 + Level 2.7 Dodging
 - Level 2.1 Stealth
 + Level 2.3 Spellcasting
 + Level 4.6 Necromancy


You had one spell level left.
You knew the following spells:

 Your Spells              Type           Power      Damage    Failure   Level
a - Vampiric Draining     Necr           12%        2d6       16%         3
b - Pain                  Necr           48%        1d6       4%          1
c - Animate Dead          Necr           6%         N/A       45%         4

Your spell library contained the following spells:

 Spells                   Type           Power      Damage    Failure   Level
 Animate Skeleton         Necr           24%        N/A       4%          1
 Agony                    Necr           12%        N/A       80%         5


Dungeon Overview and Level Annotations

Branches:
Dungeon (4/15)
 Temple: D:4-7

Altars:

Shops:
D:4 *

Annotations:
D:3 3 runed translucent doors, mistaj's ghost, amateur DDMo; sammy202020's ghost, amateur GrBe
D:4 Pikel


Innate Abilities, Weirdness & Mutations

You thrive by killing the living.
You are immune to poison.
You have sharp fingernails.
Your flesh is cold resistant. (rC+)
You are immune to negative energy. (rN+++)
You do not regenerate when monsters are visible.
You are immune to unholy pain and torment.


Message History

You feel better.
No target in view!
No target in view!
You open the door.
Pikel and 4 lemures come into view.
Pikel is wielding a +1 whip of flaming.
The lemure shouts! x4
A lemure opens the large door.
Found Madax's Assorted Antiques.
Found a stone staircase leading down.
There are monsters nearby!
There are monsters nearby!
There are monsters nearby!
There are monsters nearby!
The lemure hits you. The lemure attacks as you move away! The lemure hits you.
The lemure attacks as you move away! The lemure hits you!
The lemure attacks as you move away! The lemure hits you!
You closely miss the lemure. The lemure closely misses you.
You hit the lemure but do no damage.
The lemure is poisoned.
The lemure closely misses you. The lemure attacks as you move away!
The lemure closely misses you. The lemure attacks as you move away!
The lemure hits you. The lemure hits you but does no damage.
The lemure attacks as you move away! The lemure hits you but does no damage.
The lemure looks more healthy.
You barely miss the lemure.
The lemure is moderately wounded.
The lemure hits you!
You are too injured to fight recklessly!
Casting: Vampiric Draining (dangerous; 16% risk of failure)
Confirm with . or Enter, or press ? or * to list all spells.
You can't see any susceptible monsters within range! (Use Z to cast anyway.) Unknown command.
The lemure hits you!
* * * LOW HITPOINT WARNING * * *
The lemure attacks as you move away! The lemure barely misses you.
The lemure attacks as you move away! The lemure hits you.
* * * LOW HITPOINT WARNING * * *
The lemure attacks as you move away! The lemure closely misses you.
The lemure attacks as you move away! The lemure hits you!
You die...

.......>#####.# #<#
#######.......# #(#
######.## #.# #.#
#†# ##########.# #.#
...........# #.#
#######.#### #.#
####.#######.#
#######....5@......#
........K###########
#######.## #K# #.#
#K# #########.#
#.55.K..5.#
###.#########


You could see Pikel and a lemure.

Vanquished Creatures
  An iguana (D:4)
  Terence (D:2)
  An orc wizard (D:3)
  3 adders
  3 worms
  2 dart slugs
  11 orcs (D:3)
  7 endoplasms
  5 giant cockroaches
  12 goblins
  5 hobgoblins
  4 jackals (D:4)
  7 kobolds
  2 quokkas
  11 ball pythons
  7 bats
  3 frilled lizards
  15 rats
100 creatures vanquished.

Vanquished Creatures (others)
  4 plants (D:2)
4 creatures vanquished.

Grand Total: 104 creatures vanquished

Notes
Turn   | Place    | Note
-------+----------+-------------------------------------------
     0 | D:1      | siradein the Ghoul Necromancer began the quest for the Orb.
     0 | D:1      | Reached XP level 1. HP: 14/14 MP: 2/2
    41 | D:1      | Reached XP level 2. HP: 4/22 MP: 3/3
    53 | D:1      | Reached skill level 1 in Fighting
   590 | D:1      | Reached XP level 3. HP: 28/28 MP: 4/4
   619 | D:1      | Learned a level 3 spell: Vampiric Draining
   806 | D:1      | Reached skill level 1 in Maces & Flails
  1163 | D:2      | Noticed Terence
  1191 | D:2      | Killed Terence
  1192 | D:2      | Reached XP level 4. HP: 12/36 MP: 4/6
  1816 | D:2      | Found a faded altar of an unknown god.
  1989 | D:2      | Reached XP level 5. HP: 40/41 MP: 7/7
  1994 | D:2      | Learned a level 4 spell: Animate Dead
  3074 | D:3      | Found a runed translucent gate.
  3075 | D:3      | Found a runed translucent gate.
  3077 | D:3      | Found a runed translucent gate.
  3079 | D:3      | Noticed sammy202020's ghost (amateur GrBe)
  3080 | D:3      | Noticed mistaj's ghost (amateur DDMo)
  3117 | D:3      | Noticed an ogre
  3435 | D:4      | Reached skill level 1 in Armour
  3739 | D:4      | Reached XP level 6. HP: 44/49 MP: 8/8
  3830 | D:4      | Found Madax's Assorted Antiques.
  3830 | D:4      | Noticed Pikel
  3878 | D:4      | Slain by a lemure

Illustrated notes

Levels and vault maps discovered:
D:1:      heliophobic_arrival_enchanted_forest, layout_rooms, minmay_surrounded
D:2:      minmay_recursive_quarters, layout_basic, serial_forest,
          infiniplex_forest_end_2, infiniplex_forest_end_2,
          infiniplex_forest_clump_large, infiniplex_forest_lined_room_3,
          infiniplex_forest_straight_2, infiniplex_forest_clump_double,
          nicolae_ecumenical_lake_church, chequers_serial_rivers_small_3,
          uniq_terence
D:3:      layout_basic, general_overflow_altar, gammafunk_ghost_cemetery
D:4:      layout_loops_ring, kennysheep_slug_shrine,
          minmay_temple_entry_junction, serial_shops, shop,
          kennysheep_little_box, nicolae_lakefront_shop,
          nicolae_shop_hallway_stairs, uniq_robin, uniq_crazy_yiuf_cottage,
          uniq_pikel

Skill      XL: |  1  2  3  4  5 |
---------------+----------------+-----
Dodging        | 2 |  2.7
Fighting       | 1 2 |  2.3
Maces & Flails | 1 2 |  2.4
Spellcasting   | 2 |  2.3
Armour         | 1 |  1.1
Stealth        | |  2.1
Necromancy     | |  4.6

Action                   |  1- 3 |  4- 6 || total
-------------------------+-------+-------++-------
Melee: Unarmed           |    41 |       ||    41
       Club              |    30 |       ||    30
       Short sword       |    86 |   206 ||   292
       Punch             |     3 |       ||     3
       Dagger            |     1 |       ||     1
 Cast: Vampiric Draining |       |     1 ||     1
  Use: Scroll            |       |     3 ||     3
 Stab: Sleeping          |     1 |       ||     1
Armor: Robe              |     8 |       ||     8
       Ring mail         |    37 |    59 ||    96
       Leather armour    |       |    13 ||    13
Dodge: Dodged            |    94 |   101 ||   195

Table legend: (Time is in decaauts)
 A = Elapsed time spent in this place.
 B = Non-inter-level travel time spent in this place.
 C = Inter-level travel time spent in this place.
 D = Time resting spent in this place.
 E = Time spent auto-exploring this place.
 F = Levels seen in this place.
 G = Mean time per level.
                   A        B        C        D        E       F      G
               +--------+--------+--------+--------+--------+-----+--------+
         Total |   3920 |   3863 |     57 |    447 |   2451 |   4 |  980.0 |
       Dungeon |   3920 |   3863 |     57 |    447 |   2451 |   4 |  980.0 |
               +--------+--------+--------+--------+--------+-----+--------+

Top non-repeatable levels by time:
     D:2: 1383 daAuts
     D:1: 1042 daAuts
     D:3: 996 daAuts
     D:4: 497 daAuts
